 Dungeon Crawl Stone Soup version 0.30-a0-629-gd54f4be4f7 (webtiles) character file.

Game seed: 1773581294864473520

8365 ryw the Carver (level 11, -11/76 (92) HPs)
             Began as a Yellow Draconian Reaver on Jan 13, 2023.
             Was a Follower of Qazlal.
             Mangled by a two-headed ogre
             ... wielding a +0 giant spiked club
              (27 damage)
             ... on level 9 of the Dungeon.
             The game lasted 00:36:20 (11504 turns).

ryw the Carver (Yellow Draconian Reaver)           Turns: 11504, Time: 00:36:20

HP:   -11/76 (92)   AC: 11    Str: 16    XL:     11   Next: 9%
MP:   10/15         EV: 14    Int: 16    God:    Qazlal [*.....]
Gold: 715           SH:  2    Dex: 10    Spells: 6/16 levels left

rFire   . . .      SeeInvis .    t - +6 falchion (elec)
rCold   + . .      Faith    .    (no shield)
rNeg    . . .      Spirit   .    (body armour unavailable)
rPois   .          Reflect  .    (helmet restricted)
rElec   .          Harm     .    o - +2 cloak
rCorr   +          Rampage  .    q - +0 pair of gloves
Will    .....                    (no boots)
Stlth   +                        (no amulet)
HPRegen 0.32/turn                s - ring of protection from cold
MPRegen 0.14/turn                (no ring)

@: short of breath, marked, heavily drained
A: spit acid, AC +7, unfitting armour, cold-blooded, acid resistance
a: Breathe Acid, Renounce Religion


You were on level 9 of the Dungeon.
You worshipped Qazlal.
Qazlal was aware of your devotion.
You visited 2 branches of the dungeon, and saw 10 of its levels.

You collected 715 gold pieces.

Inventory:

Hand Weapons
 a - a +1 falchion of protection
 r - the +8 frozen axe "Frostbite" {freeze, freezing cloud, *Noise Fly rC+}
   (You found it on level 7 of the Dungeon)

   It occasionally leaves clouds of freezing vapour upon striking a foe.
   It grants immunity to clouds of freezing vapour.
   rC:        It protects you from cold.
   Fly:       It grants you flight.
   *Noise:    It may make noises in combat.
 t - a +6 falchion of electrocution (weapon)
Missiles
 k - 5 silver javelins (quivered)
Armour
 o - a +2 cloak (worn)
 q - a +0 pair of gloves (worn)
Jewellery
 s - a ring of protection from cold (left hand)
Wands
 f - a wand of flame (18)
 n - a wand of acid (1)
 p - a wand of digging (8)
 w - a wand of roots (12)
 x - a wand of paralysis (2)
Scrolls
 c - a scroll of amnesia
 d - a scroll of fog
 g - 2 scrolls of immolation
 m - a scroll of blinking
Potions
 b - a potion of flight {unknown}
 h - 4 potions of degeneration
 i - 2 potions of heal wounds {unknown}
 j - 3 potions of brilliance
 l - 2 potions of attraction


   Skills:
 + Level 7.2 Fighting
 - Level 10.0 Long Blades
 + Level 6.6 Dodging
 - Level 3.0 Spellcasting
 + Level 10.0 Conjurations
 * Level 4.9 Fire Magic


You had 6 spell levels left.
You knew the following spells:

 Your Spells              Type           Power      Damage    Failure   Level
a - Momentum Strike       Conj/Tloc      36%        3d9       3%          2
b - Hailstorm             Conj/Ice       18%        3d6       7%          3
c - Flame Wave            Conj/Fire      26%        2d8       9%          4
k - Kiss of Death         Conj/Necr      72%        2d10      2%          1

Your spell library contained the following spells:

 Spells                   Type           Power      Damage    Failure   Level
 Scorch                   Fire           36%        2d7       3%          2
 Cigotuvi's Dreadful Rot  Necr/Pois/Air  4%         N/A       28%         2
 Gell's Gravitas          Tloc           2%         N/A       50%         3
 Lesser Beckoning         Tloc           4%         N/A       50%         3
 Teleport Other           Tloc           2%         N/A       50%         3
 Lightning Bolt           Conj/Air       9%         1d21      54%         5
 Airstrike                Air            1%         2d(1-17)  88%         4
 Dispel Undead            Necr           2%         3d7       88%         4
 Summon Lightning Spire   Summ/Air       2%         N/A       88%         4
 Death Channel            Necr           1%         N/A       100%        6
 Summon Cactus Giant      Summ           1%         N/A       100%        6


Dungeon Overview and Level Annotations

Branches:
Dungeon (9/15)             Temple (1/1) D:7
   Lair: D:8-11         Orc: D:9-12

Altars:
Ashenzari
Cheibriados
Elyvilon
Gozag
Hepliaklqana
Kikubaaqudgha
Okawaru
Qazlal
Sif Muna
Trog
Uskayaw
Vehumet
Xom
Yredelemnul


Innate Abilities, Weirdness & Mutations

You can spit globs of acid.
Your golden yellow scales are hard. (AC +7)
You cannot fit into any form of body armour.
You are cold-blooded and may be slowed by cold attacks.
You are resistant to acid. (rCorr)


Message History

The flame wave engulfs the two-headed ogre.
The two-headed ogre is lightly wounded.
The flame wave engulfs the killer bee!
You kill the killer bee!
Qazlal accepts your kill. (Press . to intensify the flame waves.)
You feel very sick.
The two-headed ogre completely misses you.
The two-headed ogre hits you with a +0 great mace!
A wave of flame ripples out!
The flame wave engulfs the two-headed ogre!
The two-headed ogre is moderately wounded.
You feel very sick.
A wave of flame ripples out!
The flame wave engulfs the two-headed ogre.
The two-headed ogre is moderately wounded.
You finish channelling waves of flame.
You feel very sick.
The two-headed ogre completely misses you. x2
You slash the two-headed ogre!
Your tail-slap misses the two-headed ogre.
The two-headed ogre is heavily wounded.
You feel sick.
You hit the two-headed ogre.
The two-headed ogre is heavily wounded.
You feel sick.
The two-headed ogre hits you with a +0 giant spiked club!!
* * * LOW HITPOINT WARNING * * *
The two-headed ogre hits you but does no damage.
You hit the two-headed ogre but do no damage.
Lightning courses through the two-headed ogre!
The two-headed ogre is severely wounded.
You feel sick. The two-headed ogre closely misses you.
The two-headed ogre hits you with a +0 great mace!
* * * LOW HITPOINT WARNING * * *
You feel better.
You barely miss the two-headed ogre.
The two-headed ogre is severely wounded.
The two-headed ogre hits you with a +0 giant spiked club!!
You die...

#.##..#).!.....
####.....#.O......
#.................
....................
......####..........
.##### ##.#.......
#.###..... #O##
##... #†@# ##. ##†#
#.## # ##..##### ###
#....†..#### ##..
#...####....#####...
#.....#
##...........
#......#
###..........
...##...#
##............


You could see a two-headed ogre.

Vanquished Creatures
  An ice devil (D:7)
  3 freezing wraiths (D:7)
  Prince Ribbit (D:5)
  A hornet (D:7)
  Grinder (D:5)
  Sigmund (D:2)
  13 yaks
  2 wyverns
  An acid dragon (D:8)
  A water moccasin (D:8)
  4 orc warriors (D:6)
  A sky beast (D:4)
  A black bear (D:8)
  3 ogres
  A phantom (D:5)
  2 kobold brigands
  2 bullfrogs
  2 scorpions (D:4)
  12 wights
  8 killer bees (D:9)
  3 howler monkeys
  An electric eel (D:7)
  A lava snake (D:7)
  8 hounds
  3 orc priests
  A jelly (D:7)
  Ijyb (D:3)
  Crazy Yiuf (D:2)
  7 iguanas
  Terence (D:2)
  13 orc wizards
  6 gnolls
  12 adders
  4 shadow imps
  4 white imps (D:7)
  2 worms (D:3)
  2 dart slugs
  22 orcs
  13 ball pythons
  5 endoplasms
  4 giant cockroaches
  2 goblins
  8 hobgoblins
  5 jackals
  19 kobolds
  7 quokkas
  8 bats
  2 frilled lizards (D:2)
  5 rats
231 creatures vanquished.

Vanquished Creatures (collateral kills)
  4 yaks (D:8)
4 creatures vanquished.

Vanquished Creatures (others)
  4 plants (D:4)
4 creatures vanquished.

Grand Total: 239 creatures vanquished

Notes
Turn   | Place    | Note
-------+----------+-------------------------------------------
     0 | D:1      | ryw the Draconian Reaver began the quest for the Orb.
     0 | D:1      | Reached XP level 1. HP: 17/17 MP: 3/3
    93 | D:1      | Reached XP level 2. HP: 16/25 MP: 5/5
   504 | D:1      | Reached XP level 3. HP: 28/30 MP: 6/6
   546 | D:1      | Learned a level 2 spell: Momentum Strike
   879 | D:2      | Noticed Sigmund
   886 | D:2      | Killed Sigmund
   887 | D:2      | Reached XP level 4. HP: 19/38 MP: 1/8
   887 | D:2      | Reached XP level 5. HP: 23/45 MP: 1/9
  1302 | D:2      | Noticed Terence
  1306 | D:2      | Killed Terence
  1353 | D:2      | Found a faded altar of an unknown god.
  1481 | D:2      | Found a runed translucent door.
  1482 | D:2      | Noticed Crazy Yiuf
  1488 | D:2      | Killed Crazy Yiuf
  1489 | D:2      | Reached XP level 6. HP: 32/33 MP: 5/10
  1964 | D:3      | Noticed Ijyb
  1977 | D:3      | Killed Ijyb
  3039 | D:4      | Found a radiant altar of Vehumet.
  3064 | D:4      | Reached skill level 5 in Long Blades
  3064 | D:4      | Reached skill level 5 in Conjurations
  3127 | D:4      | Your scales start taking on a golden yellow colour.
  3127 | D:4      | Reached XP level 7. HP: 30/44 MP: 9/11
  3127 | D:4      | Gained mutation: You are resistant to acid. (rCorr) [Yellow
                  | Draconian growth]
  3300 | D:4      | Found a transporter.
  3541 | D:4      | Found a transporter.
  4476 | D:5      | Entered Level 5 of the Dungeon
  4476 | D:5      | Noticed Prince Ribbit
  4664 | D:5      | Killed Prince Ribbit
  4665 | D:5      | Reached XP level 8. HP: 66/66 MP: 9/12
  5086 | D:5      | Found a broken altar of Ashenzari.
  5142 | D:5      | Noticed Grinder
  5397 | D:5      | Killed Grinder
  5398 | D:5      | Reached skill level 5 in Fighting
  5804 | D:6      | Found a shimmering blue altar of Sif Muna.
  5823 | D:6      | Reached XP level 9. HP: 72/74 MP: 13/13
  5979 | D:6      | Reached skill level 5 in Dodging
  6372 | D:6      | Found a bloodstained altar of Trog.
  6489 | D:6      | Identified the +2 chain mail of Courage {rF+}
  6793 | D:6      | Learned a level 3 spell: Hailstorm
  7026 | D:7      | Paralysed by a hornet for 1 turns
  7034 | D:7      | Paralysed by a hornet for 2 turns
  7212 | D:7      | Found a staircase to the Ecumenical Temple.
  7253 | Temple   | Entered the Ecumenical Temple
  7403 | Temple   | Became a worshipper of Qazlal Stormbringer
  7903 | D:7      | Noticed an ice devil
  7903 | D:7      | Noticed a freezing wraith
  7905 | D:7      | Noticed a freezing wraith
  7907 | D:7      | Noticed an ice devil
  8328 | D:8      | Reached XP level 10. HP: 13/82 MP: 14/14
  8734 | D:8      | Learned a level 4 spell: Flame Wave
  9016 | D:7      | Reached skill level 1 in Fire Magic
  9194 | D:8      | Reached * piety under Qazlal
  9434 | D:8      | Found an opulent altar of Gozag.
 10130 | D:7      | Reached skill level 10 in Long Blades
 10231 | D:7      | Found the +8 frozen axe "Frostbite" {freeze, freezing
                  | cloud, *Noise Fly rC+}
 10902 | D:9      | Reached XP level 11. HP: 80/88 MP: 15/15
 11063 | D:9      | Found an iron altar of Okawaru.
 11308 | D:9      | Reached skill level 10 in Conjurations
 11488 | D:9      | Noticed a two-headed ogre
 11504 | D:9      | Mangled by a two-headed ogre

Illustrated notes

Levels and vault maps discovered:
D:1:      dpeg_arrival_three_smaller_balls, layout_loops_ring
D:2:      kennysheep_six_static_rooms, layout_basic,
          nicolae_ecumenical_oubliette, uniq_sigmund, uniq_terence,
          uniq_crazy_yiuf_cottage
D:3:      wad_crossroads, layout_loops_ring, uniq_ijyb
D:4:      gammafunk_wand_slinger, layout_basic, nicolae_vehumet_altar_sigil
D:5:      layout_loops_ring, ashenzari_conservatory_becter,
          nicolae_fountain_basement, uniq_prince_ribbit1, uniq_grinder
D:6:      layout_basic, kennysheep_orc_sif_temple, amcnicky_altar_gilded
D:7:      layout_rooms, minmay_temple_entry_stoned_glass,
          nicolae_lava_and_water, hellmonk_guarded_unrand_frostbite
D:8:      layout_gridville, nicolae_gozag_seed_capital, st_stairs_3
D:9:      layout_cave_pods, lemuel_doored_altar, mainiacjoe_overflow_boulevard,
          grunt_temple_overflow_open, special_room [special_room_orc],
          uniq_maurice
Temple:   nicolae_temple_superstar

Skill      XL: |  1  2  3  4  5  6  7  8  9 10 11 |
---------------+----------------------------------+-----
Dodging        | 2 3 4 5 6 |  6.6
Fighting       | 3 4 5 7 |  7.2
Spellcasting   | 3 |  3.0
Long Blades    | 4 5 6 7 9 10 | 10.0
Conjurations   | 4 5 6 7 9 10 | 10.0
Fire Magic     | 4 |  4.9

Action                   |  1- 3 |  4- 6 |  7- 9 | 10-12 || total
-------------------------+-------+-------+-------+-------++-------
Melee: Falchion          |    89 |   183 |   241 |   119 ||   632
       Tailslap          |     8 |    27 |    28 |    20 ||    83
       Punch             |       |     2 |     2 |     3 ||     7
Throw: Javelin           |       |       |       |     2 ||     2
 Cast: Kiss of Death     |     3 |     4 |     1 |     1 ||     9
       Momentum Strike   |     1 |     8 |    21 |     1 ||    31
       Flame Wave        |       |       |       |     9 ||     9
       Hailstorm         |       |       |       |     5 ||     5
 Abil: Breathe Acid      |       |       |    35 |    12 ||    47
Evoke: Wand              |       |     4 |     5 |     7 ||    16
  Use: Scroll            |       |     4 |    19 |       ||    23
       Potion            |       |       |     2 |     1 ||     3
 Stab: Sleeping          |     1 |     1 |       |       ||     2
Armor: Skin              |    25 |    52 |    97 |    40 ||   214
Dodge: Dodged            |    66 |   127 |   146 |    78 ||   417
Block: Other             |       |       |       |     5 ||     5

Table legend: (Time is in decaauts)
 A = Elapsed time spent in this place.
 B = Non-inter-level travel time spent in this place.
 C = Inter-level travel time spent in this place.
 D = Time resting spent in this place.
 E = Time spent auto-exploring this place.
 F = Levels seen in this place.
 G = Mean time per level.
                   A        B        C        D        E       F      G
               +--------+--------+--------+--------+--------+-----+--------+
         Total |  11532 |  10897 |    635 |   2220 |   6212 |  10 | 1153.2 |
       Dungeon |  11373 |  10746 |    627 |   2216 |   6130 |   9 | 1263.7 |
        Temple |    159 |    151 |      8 |      4 |     82 |   1 |  159.0 |
               +--------+--------+--------+--------+--------+-----+--------+

Top non-repeatable levels by time:
     D:4: 1992 daAuts
     D:8: 1818 daAuts
     D:7: 1502 daAuts
     D:6: 1319 daAuts
     D:3: 1218 daAuts
     D:2: 1085 daAuts
     D:5: 983 daAuts
     D:1: 852 daAuts
     D:9: 600 daAuts
  Temple: 159 daAuts
